Match 46193846
Unlisted

Match 46193846
End
Construct Weapon Support Center
Selects Armored Battlegroup
Selects Assault Engineers
Assault Engineer Squad
M1919 Machine Gun Team
M1919 Machine Gun Team
Assault Engineer Squad
Air Support Center
Grasshopper Recon Run
M3 Armored Personnel Carrier
P-47 Strafing Run
Assault Engineer Squad
Selects M31 Recovery Vehicle
M31 Recovery Vehicle
Grasshopper Recon Run
Construct Tank Depot
P-47 Strafing Run
Grasshopper Recon Run
P-47 Strafing Run
Assault Engineer Squad
M4A1 Sherman Medium Tank
Grasshopper Recon Run
P-47 Dive Bomb
Selects Strength in Steel
Selects Seek and Destroy
Sniper
Assault Engineer Squad
Selects UNKNOWN (2160077)
Grasshopper Recon Run
M4A3E8 Sherman Easy Eight
Grasshopper Recon Run
P-47 Strafing Run
M4A3E8 Sherman Easy Eight
P-47 Dive Bomb
Grasshopper Recon Run
P-47 Strafing Run
Grasshopper Recon Run
P-47 Dive Bomb
Mortar Pit
OLDCOM
DebaKLeTV
nerf R.N.G
Nałogowy
Rantanplan
MisiaczekUwUPolska
0
0

Comments sign in to comment!

No comments posted yet!